 Dungeon Crawl Stone Soup version 0.30.1-3-gfc49f6343a (webtiles) character file.

Game seed: 10770933314967253578

20 booth the Magician (level 3, -2/26 HPs)
             Began as a Djinni Ice Elementalist on July 30, 2023.
             Slain by a cerulean imp
             ... wielding a +2 spear
             ... summoned by Natasha
              (5 damage)
             ... on level 2 of the Dungeon.
             The game lasted 00:07:14 (1018 turns).

booth the Magician (Djinni Ice Elementalist)        Turns: 1018, Time: 00:07:15

Health: -2/26      AC:  3    Str:  7    XL:     3   Next: 0%
Gold:   33         EV: 12    Int: 18    God:
                   SH:  0    Dex: 13

rFire   + + .        b - +1 dagger (pain)
rCold   x . .        (no shield)
rNeg    . . .        a - +0 robe
rPois   ∞            (no helmet)
rElec   .            (no cloak)
rCorr   .            g - +0 pair of gloves
SInv    .            (boots unavailable)
Will    .....        (no amulet)
Stlth   ++           (no ring)
HPRegen 0.24/turn    (no ring)
MPRegen 0.00/turn

%: infuse magic (-3 HP)
@: freezing walls, flying
A: sickness immunity, fire resistance 2, cold vulnerability 1, float, innate
caster, HP casting, extra vitality 1
a: no special abilities


You were on level 2 of the Dungeon.
You visited 1 branch of the dungeon, and saw 2 of its levels.

You collected 33 gold pieces.

Inventory:

Hand Weapons
 b - a +1 dagger of pain (weapon)
Armour
 a - a +0 robe (worn)
 c - a +0 leather armour
 g - a +0 pair of gloves (worn)
Scrolls
 e - a scroll of fear


   Skills:
 + Level 0.6 Fighting
 + Level 2.5 Dodging
 + Level 1.9 Stealth
 * Level 3.5 Spellcasting


You knew the following spells:

 Your Spells              Type           Power      Damage    Failure   Level
a - Freeze                Ice            60%        1d7       3%          1
b - Frozen Ramparts       Ice            30%        1d5       11%         3
c - Ozocubu's Armour      Ice            15%        N/A       11%         3
d - Summon Ice Beast      Ice/Summ       15%        N/A       36%         4
e - Beastly Appendage     Tmut           30%        N/A       3%          1
Your spell library was empty.

Dungeon Overview and Level Annotations

Branches:
Dungeon (2/15)

Altars:
Qazlal

Shops:
D:1 *

Annotations:
D:2 Natasha


Innate Abilities, Weirdness & Mutations

You are immune to sickness and miasma.
You are immune to poison.
Your flesh is very heat resistant. (rF++)
You are vulnerable to cold. (rC-)
You float through the air rather than walking.
You learn spells naturally, not from books.
Your magical power is your life essence.
You have superior vitality. (+4 MHP)


Message History

Press: ? - help, Dir - look around, f - activate The walls around you are covered in ice.
The wall freezes the cerulean imp but does no damage.
The cerulean imp closely misses you.
The wall freezes Natasha but does no damage.
Natasha mumbles some strange words.
You feel troubled.
The wall freezes the cerulean imp. x2
Your frozen ramparts will break if you move.
Continue? [Y]es or [N]o only, please.
Your frozen ramparts will break if you move.
Continue? [Y]es or [N]o only, please.
Your frozen ramparts will break if you move.
Continue?
Okay, then.
The wall freezes Natasha but does no damage.
The wall freezes the cerulean imp.
The cerulean imp misses you.
The wall freezes the cerulean imp.
The wall freezes the cerulean imp but does no damage.
The cerulean imp hits you with a +1 spear.
The wall freezes Natasha but does no damage.
Natasha misses you.
You barely miss Natasha.
The wall freezes the cerulean imp.
The cerulean imp hits you from afar with a +2 spear.
The wall freezes the cerulean imp.
The cerulean imp hits you but does no damage.
The wall freezes the cerulean imp.
The cerulean imp hits you but does no damage.
The wall freezes Natasha.
Natasha claws you.
* * * LOW HITPOINT WARNING * * *
Casting: Frozen Ramparts (quite dangerous; 11% risk of failure)
Confirm with . or Enter, or press ? or * to list all spells.
Aiming: Freeze (safe; 3% risk of failure)
Press: ? - help, Shift-Dir - straight line, f - Natasha
Aim: Natasha (lightly wounded)
You freeze Natasha.
Natasha is moderately wounded.
* * * LOW HITPOINT WARNING * * *
The wall freezes the cerulean imp.
The cerulean imp hits you from afar with a +2 spear.
You die...

#.....#.# ........
..._.........#
#..........#.# . .
#.....#......#. ...
#.#.##........
.....##5#.##....#.####
.....5h@..............
.....5###.............
..... #......<.......
.... #...#....#.....
... #.....#### ... ..
#....## . . ##...#
#.### #.#


You could see Natasha and 3 cerulean imps.

Vanquished Creatures
  3 bats
  An endoplasm (D:1)
  3 giant cockroaches (D:1)
  A goblin (D:1)
  2 hobgoblins
  3 ball pythons
  A frilled lizard (D:1)
  2 kobolds (D:1)
  A rat (D:1)
17 creatures vanquished.

Notes
Turn   | Place    | Note
-------+----------+-------------------------------------------
     0 | D:1      | booth the Djinni Ice Elementalist began the quest for the
                  | Orb.
     0 | D:1      | booth set off with the following spells memorised: Freeze,
                  | Frozen Ramparts, Ozocubu's Armour, Summon Ice Beast.
     0 | D:1      | Reached XP level 1. HP: 15/15 MP: 0/0
   255 | D:1      | Reached XP level 2. HP: 20/21 MP: 0/0
   756 | D:1      | Found Judophit's Assorted Antiques.
   996 | D:2      | Found a stormy altar of Qazlal.
  1005 | D:2      | Noticed Natasha
  1010 | D:2      | Reached XP level 3. HP: 25/26 MP: 0/0
  1010 | D:2      | Learned a level 1 spell: Beastly Appendage
  1018 | D:2      | Slain by a cerulean imp

Illustrated notes

Levels and vault maps discovered:
D:1:      minmay_arrival_doors, layout_basic, serial_glass, glass_columns_a,
          glass_columns_a, serial_shops, shop
D:2:      wander_river, layout_rooms, basic_altar, minmay_misc_feat_encased,
          minmay_tetromino_i2, uniq_natasha

Action                     || total
---------------------------++-------
  Melee: Dagger            ||    11
   Cast: Freeze            ||    18
         Frozen Ramparts   ||     1
    Use: Potion            ||     2
         Scroll            ||     1
 Armour: Robe              ||     7
  Dodge: Dodged            ||    14
